 Dungeon Sprint DCSS version 0.30-a0-534-gdc55766716 (webtiles) character file.

Game seed: 17449877147483753497

47 rocky1 the Chopper (level 3, -1/36 HPs)
             Began as a Minotaur Fighter on Dec 25, 2022.
             Killed from afar by Crazy Yiuf (4 damage)
             ... with a puff of flame
             ... in the Dungeon (Sprint III: "The Ten Rune Challenge").
             The game lasted 00:00:58 (236 turns).

rocky1 the Chopper (Minotaur Fighter)                Turns: 236, Time: 00:00:59

Health: -1/36      AC:  4    Str: 22    XL:     3   Next: 48%
Magic:  0/2        EV: 11    Int:  5    God:
Gold:   0          SH:  5    Dex:  9    Spells: 2/2 levels left

rFire   + . .      SeeInvis .    a - +0 war axe
rCold   + . .      Faith    .    c - +0 buckler
rNeg    . . .      Spirit   .    k - +2 robe {rC+ rF+}
rPois   .          Reflect  .    (helmet restricted)
rElec   .          Harm     .    (no cloak)
rCorr   .          Rampage  .    (no gloves)
Will    .....      NoTele   +    (no boots)
Stlth   +                        (no amulet)
HPRegen 0.26/turn                (no ring)
MPRegen 0.08/turn                (no ring)

@: no status effects
A: horns 2, retaliatory headbutt
a: no special abilities


You were in the Dungeon.
You visited 1 branch

Inventory:

Hand Weapons
 a - a +0 war axe (weapon)
Armour
 b - a +0 scale mail
 c - a +0 buckler (worn)
 k - a +2 robe of resistance (worn)
Wands
 f - a wand of quicksilver (8)
Scrolls
 j - a scroll of blinking
 l - a scroll of enchant weapon {unknown}
Potions
 d - a potion of might
 e - a potion of curing
 g - a potion of haste
 h - 2 potions of magic
 i - a potion of berserk rage


   Skills:
 + Level 5.5 Fighting
 * Level 6.3 Axes
 - Level 3.6 Armour
 + Level 5.5 Shields


You had 2 spell levels left.
You didn't know any spells.
Your spell library contained the following spells:

 Spells                   Type           Power      Damage    Failure   Level
 Ignite Poison            Fire/Tmut/Pois 0%         N/A       90%         3
 Kindle Blastsparks       Fire/Tloc/Air  0%         2d10      90%         3
 Freezing Cloud           Conj/Ice/Air   0%         6-21      100%        5


Dungeon Overview and Level Annotations

Branches:
Dungeon (1/1)

Altars:

Annotations:
D Crazy Yiuf


Innate Abilities, Weirdness & Mutations

You have a pair of horns on your head.
You reflexively headbutt those who attack you in melee.


Message History

The human barely misses you. The human hits you.
You barely miss the human. Your headbutt misses the human.
The human is severely wounded.
The human hits you.
You closely miss the human. You headbutt the human!
You kill the human!
Your Axes skill increases to level 6!
No target in view!
No target in view!
No target in view!
No target in view!
No target in view!
No target in view!
No target in view!
You start resting.
HP restored.
Crazy Yiuf the Enlightened comes into view.
He is wielding a +3 quarterstaff of chaos and carrying a wand of flame (17).
Crazy Yiuf shouts!
Crazy Yiuf zaps a wand.
The puff of flame hits you. You resist.
Crazy Yiuf zaps a wand.
The puff of flame misses you.
You hit Crazy Yiuf.
Crazy Yiuf is moderately wounded.
Crazy Yiuf hits you with a +3 quarterstaff of chaos!
You feel your power leaking away.
You barely miss Crazy Yiuf.
Crazy Yiuf is moderately wounded.
Crazy Yiuf zaps a wand.
The puff of flame hits you. You resist.
Crazy Yiuf hits you with a +3 quarterstaff of chaos.
You barely miss Crazy Yiuf.
Crazy Yiuf is moderately wounded.
Crazy Yiuf closely misses you.
You barely miss Crazy Yiuf.
You headbutt Crazy Yiuf, but do no damage.
Crazy Yiuf is moderately wounded.
Crazy Yiuf hits you with a +3 quarterstaff of chaos!
* * * LOW HITPOINT WARNING * * *
You slash Crazy Yiuf!
Crazy Yiuf is almost dead.
Crazy Yiuf zaps a wand.
The puff of flame hits you. You resist.
You die...

▓▓▓▓ ▓▓▓▓▓▓▓ ▓<.#
+...♣.♣ ▓..#
#.....♣♣
▓#'####....♣.♣
▓.....#....~.♣
▓....)#.g.~~♣♣.♣♣.
▓.....#.@~~~~..♣..+
▓####'#..~≈≈~~~.♣.#
▓.....#.~~≈~~~....#
▓.....#.~≈~~~.....#
▓.....#.~~~.......#
▓'#####...........#
▓.................#
▓▓▓▓▓▓▓▓▓▓▓▓▓▓▓▓▓▓▓


You could see Crazy Yiuf.

Vanquished Creatures
  Jessica (D)
  A human (D)
  2 endoplasms (D)
  A rat (D)
5 creatures vanquished.

Notes
Turn   | Place    | Note
-------+----------+-------------------------------------------
     0 | D        | rocky1 the Minotaur Fighter began the quest for the Orb.
     0 | D        | Reached XP level 1. HP: 19/19 MP: 0/0
     5 | D        | Reached skill level 3 in Axes
    21 | D        | Noticed Jessica
    30 | D        | Killed Jessica
    31 | D        | Reached skill level 5 in Fighting
    31 | D        | Reached skill level 5 in Axes
    31 | D        | Reached skill level 5 in Shields
    31 | D        | Reached XP level 2. HP: 9/29 MP: 1/1
    31 | D        | Reached XP level 3. HP: 12/36 MP: 2/2
   190 | D        | Reached skill level 6 in Axes
   227 | D        | Noticed Crazy Yiuf
   236 | D        | Killed from afar by Crazy Yiuf

Illustrated notes

Levels and vault maps discovered:
D:        dungeon_sprint_mu [sprint_mu_entry_forest, sprint_mu_temple_rooms,
          sprint_mu_d1_horrors, sprint_mu_d2_genie, sprint_mu_d3_branching,
          sprint_mu_orc_legion, sprint_mu_elf_gauntlet, sprint_mu_hive_nellie,
          sprint_mu_lair_fedhas, sprint_mu_vaults_butterflies,
          sprint_mu_slime_circle, sprint_mu_swamp_cave, sprint_mu_shoals_archi,
          sprint_mu_blade_basic, sprint_mu_crypt_lich, sprint_mu_tomb_spiral,
          sprint_mu_vestibule_basic, sprint_mu_gehenna_hellfire,
          sprint_mu_dis_giant, sprint_mu_tartarus_statrot,
          sprint_mu_cocytus_islands, sprint_mu_zot1]

Skill      XL: |  1  2  3 |
---------------+----------+-----
Axes           | 5 6 |  6.3
Fighting       | 5 |  5.5
Shields        | 5 |  5.5
Armour         | |  3.6

Action                   || total
-------------------------++-------
Melee: War axe           ||    22
       Headbutt          ||     3
  Use: Potion            ||     1
Armor: Scale mail        ||     4
       Robe              ||     2
Dodge: Dodged            ||    10
Block: Buckler           ||     3

Table legend: (Time is in decaauts)
 A = Elapsed time spent in this place.
 B = Non-inter-level travel time spent in this place.
 C = Inter-level travel time spent in this place.
 D = Time resting spent in this place.
 E = Time spent auto-exploring this place.
 F = Levels seen in this place.
 G = Mean time per level.
                   A        B        C        D        E       F      G
               +--------+--------+--------+--------+--------+-----+--------+
         Total |    242 |    242 |      0 |    139 |      1 |   1 |  242.0 |
       Dungeon |    242 |    242 |      0 |    139 |      1 |   1 |  242.0 |
               +--------+--------+--------+--------+--------+-----+--------+

Top non-repeatable levels by time:
       D: 242 daAuts
